 Dungeon Crawl Stone Soup version 0.30.1-4-g462c640d31 (webtiles) character file.

Game seed: 3427582891028158584

144 Peloso the Covered (level 5, 0/47 HPs)
             Began as a Hill Orc Fighter on Aug 27, 2023.
             Slain by an iguana (11 damage)
             ... on level 3 of the Dungeon.
             The game lasted 00:04:05 (1930 turns).

Peloso the Covered (Hill Orc Fighter)               Turns: 1930, Time: 00:04:06

Health: 0/47       AC:  8    Str: 19    XL:     5   Next: 27%
Magic:  5/5        EV:  9    Int:  8    God:
Gold:   106        SH:  4    Dex: 12    Spells: 4/4 levels left

rFire   . . .        a - +0 long sword
rCold   + . .        d - +0 buckler
rNeg    . . .        b - +0 scale mail
rPois   .            c - +0 helmet
rElec   .            (no cloak)
rCorr   .            (no gloves)
SInv    .            (no boots)
Will    .....        (no amulet) Stlth
                     j - ring of protection from cold
HPRegen 0.27/turn    (no ring)
MPRegen 0.09/turn

%: no passive effects
@: no status effects
A: no striking features
a: no special abilities


You were on level 3 of the Dungeon.
You visited 1 branch of the dungeon, and saw 3 of its levels.

You collected 106 gold pieces.

Inventory:

Hand Weapons
 a - a +0 long sword (weapon)
Armour
 b - a +0 scale mail (worn)
 c - a +0 helmet (worn)
 d - a +0 buckler (worn)
Jewellery
 j - a ring of protection from cold (left hand)
Wands
 n - a wand of flame (16)
 s - a wand of quicksilver (6)
Scrolls
 f - a scroll of amnesia {unknown}
 g - 2 scrolls of identify
 h - 2 scrolls of fear
 i - 2 scrolls of noise
 k - a scroll of enchant weapon {unknown}
 m - a scroll of immolation {unknown}
 o - a scroll of magic mapping {unknown}
 p - a scroll of poison {unknown}
 r - a scroll of vulnerability {unknown}
Potions
 e - a potion of might
 l - a potion of heal wounds {unknown}
 q - a potion of lignification {unknown}
 t - a potion of magic {unknown}


   Skills:
 + Level 4.4 Fighting
 + Level 3.8 Long Blades
 + Level 4.4 Armour
 + Level 0.3 Dodging
 + Level 0.1 Stealth
 + Level 3.8 Shields


You had 4 spell levels left.
You didn't know any spells.
Your spell library contained the following spells:

 Spells                   Type           Power      Damage    Failure   Level
 Cigotuvi's Dreadful Rot  Necr/Pois/Air  0%         N/A       93%         2
 Ignite Poison            Fire/Tmut/Pois 0%         N/A       99%         3
 Olgreb's Toxic Radiance  Pois           0%         N/A       100%        4
 Freezing Cloud           Conj/Ice/Air   0%         6-21      100%        5
 Discord                  Hex            0%         N/A       100%        8
 Ignition                 Fire           0%         3d3       100%        8


Dungeon Overview and Level Annotations

Branches:
Dungeon (3/15)

Altars:
Gozag
Hepliaklqana


Message History

The kobold attacks as you move away! The kobold closely misses you.
The endoplasm attacks as you move away! The endoplasm closely misses you.
The endoplasm attacks as you move away! You block the endoplasm's attack.
You slash the endoplasm!
You kill the endoplasm!
You completely miss the kobold. The kobold misses you.
The kobold closely misses you.
You hit the kobold but do no damage. The kobold hits you but does no damage.
You slash the kobold!
You kill the kobold!
You closely miss the iguana. The iguana closely misses you.
You hit the iguana.
The iguana is lightly wounded.
The iguana bites you but does no damage.
You closely miss the iguana.
The iguana is lightly wounded.
The iguana barely misses you. The iguana bites you!
You completely miss the iguana.
The iguana is lightly wounded.
The iguana bites you but does no damage.
You hit the iguana.
The iguana is moderately wounded.
The iguana closely misses you.
You hit the iguana but do no damage.
The iguana is moderately wounded.
The iguana bites you!
You hit the iguana but do no damage.
The iguana is moderately wounded.
The iguana barely misses you. You block the iguana's attack.
You barely miss the iguana.
The iguana is moderately wounded.
The iguana bites you!
You hit the iguana.
The iguana is heavily wounded.
The iguana bites you.
* * * LOW HITPOINT WARNING * * *
You closely miss the iguana.
The iguana is heavily wounded.
The iguana bites you!
You die...

#.....#..?..## #
###.#......####..
...........(....
#.#####......##.. #
#...B....###
.....##l##
#.##.##B# #. ##...
#.##l# ##.##...#
#.##@#
.........####.##.##
#.................#
#..#....##<......#
##.......##.......#
.........##.......#
..................#
....#....##..######
~~..#8..8##..#


You could see an iguana, a giant cockroach and a frilled lizard.

Vanquished Creatures
  Ijyb (D:3)
  Natasha (thrice) (D:2)
  An adder (D:2)
  A worm (D:2)
  A dart slug (D:3)
  2 ball pythons
  3 endoplasms
  3 hobgoblins
  4 jackals
  A quokka (D:1)
  2 bats (D:2)
  3 frilled lizards
  2 goblins
  5 kobolds
  A rat (D:1)
33 creatures vanquished.

Notes
Turn   | Place    | Note
-------+----------+-------------------------------------------
     0 | D:1      | Peloso the Hill Orc Fighter began the quest for the Orb.
     0 | D:1      | Reached XP level 1. HP: 19/19 MP: 1/1
   530 | D:1      | Reached XP level 2. HP: 25/27 MP: 2/2
   886 | D:2      | Noticed Natasha
   895 | D:2      | Killed Natasha
   896 | D:2      | Reached XP level 3. HP: 12/33 MP: 3/3
  1024 | D:2      | Noticed Natasha
  1033 | D:2      | Killed Natasha
  1034 | D:2      | Reached XP level 4. HP: 25/40 MP: 4/4
  1306 | D:2      | Noticed Natasha
  1311 | D:2      | Killed Natasha
  1343 | D:2      | Found a faded altar of an unknown god.
  1635 | D:3      | Found a hazy altar of Hepliaklqana.
  1637 | D:3      | Found an opulent altar of Gozag.
  1698 | D:3      | Noticed Ijyb
  1711 | D:3      | Killed Ijyb
  1712 | D:3      | Reached XP level 5. HP: 16/47 MP: 5/5
  1930 | D:3      | Slain by an iguana

Illustrated notes

Levels and vault maps discovered:
D:1:      dpeg_arrival_shelter, layout_basic
D:2:      layout_loops_ring, shapermc_ecumenical_altar_acropolis, st_stairs_2,
          minmay_misc_feat_secret_circle, uniq_natasha
D:3:      wander_river, layout_rooms, mainiacjoe_overflow_catwalk_spiral,
          uniq_ijyb

Skill      XL: |  1  2  3 |
---------------+----------+-----
Fighting       | 4 |  4.4
Armour         | 4 |  4.4
Long Blades    | 3 |  3.8
Dodging        | |  0.3
Stealth        | |  0.1
Shields        | |  3.8

Action                     |  1- 3 |  4- 6 || total
---------------------------+-------+-------++-------
  Melee: Long sword        |    61 |    77 ||   138
    Use: Scroll            |     2 |       ||     2
         Potion            |     2 |       ||     2
 Armour: Scale mail        |    34 |    36 ||    70
  Dodge: Dodged            |    27 |    42 ||    69
  Block: Buckler           |    13 |    16 ||    29
